3AA
YAKIMA HOPS @ VIRGINIA BEACH DEUCES
05/29/2034
 
TOP OF THE 1ST
Yakima Hops batting - Pitching for Virginia Beach Deuces : RHP Earl Danziger
Pitching: RHP Earl Danziger
Batting: LHB Héctor Velázquez 0-0: Ball
1-0: Foul Ball, location: 2F
1-1: DOUBLE (Line Drive, 7LM)
Batting: LHB Gustavo Deleón 0-0: Called Strike
0-1: Ball
1-1: Ball
2-1: Foul Ball, location: 2F
2-2: Foul Ball, location: 2F
2-2: Foul Ball, location: 2F
2-2: Foul Ball, location: 2F
2-2: Ball
3-2: Strikes out swinging
Batting: RHB Vonne Navarrete 0-0: Called Strike
0-1: Ground out 1-3 (Groundball, 13S)
Héctor Velázquez to third
Batting: RHB Bob Houghton 0-0: Ground out 6-3 (Groundball, 56)
Top of the 1st over - 0 runs, 1 hit, 0 errors, 1 left on base; Yakima 0 - Virginia Beach 0
BOTTOM OF THE 1ST
Virginia Beach Deuces batting - Pitching for Yakima Hops : RHP Elroy Quaid
Pitching: RHP Elroy Quaid
Batting: RHB Luis Díaz 0-0: Ball
1-0: Ball
2-0: Ball
3-0: Base on Balls
Batting: RHB Stephen McManus 0-0: Swinging Strike
0-1: Foul Ball, location: 2F
0-2: Ball
1-2: Foul Ball, location: 2F
1-2: Strikes out swinging
Batting: SHB Luis Manuel Flores 0-0: Ball
1-0: Foul Ball, location: 2F
1-1: Ball
2-1: Ball
3-1: Called Strike
Luis Díaz steals 2nd base
3-2: Ground out U3 (Groundball, 3)
Luis Díaz to third
Batting: RHB Andrew Crosby 0-0: Ball
1-0: Foul Ball, location: 2F
1-1: Foul Ball, location: 2F
1-2: Fly out, F3 (Popup, 34)
Bottom of the 1st over - 0 runs, 0 hits, 0 errors, 1 left on base; Yakima 0 - Virginia Beach 0
TOP OF THE 2ND
Yakima Hops batting - Pitching for Virginia Beach Deuces : RHP Earl Danziger
Batting: LHB Wulf Paauwe 0-0: Ball
1-0: Foul Ball, location: 2F
1-1: Ball
2-1: Called Strike
2-2: Ball
3-2: Base on Balls
Batting: RHB Carlo Beedle 0-0: Fly out, F8 (Flyball, 8RM)
Batting: RHB Jeromy Gride 0-0: Ball
1-0: SINGLE (Line Drive, 7)
Wulf Paauwe to second
Batting: RHB George Hubbard 0-0: Ball
1-0: Foul Ball, location: 2F
1-1: Ball
2-1: Ball
3-1: Base on Balls
Wulf Paauwe to third
Jeromy Gride to second
Batting: SHB Zack Murphy 0-0: Foul Ball, location: 2F
0-1: Ball
1-1: Ball
2-1: GRAND SLAM HOME RUN (Flyball, 9D), Distance : 381 ft
Batting: LHB Héctor Velázquez 0-0: Ball
1-0: Fly out, F5 (Popup, 25F)
Batting: LHB Gustavo Deleón 0-0: Ball
1-0: Foul Ball, location: 2F
1-1: Fly out, F9 (Flyball, 9S)
Top of the 2nd over - 4 runs, 2 hits, 0 errors, 0 left on base; Yakima 4 - Virginia Beach 0
BOTTOM OF THE 2ND
Virginia Beach Deuces batting - Pitching for Yakima Hops : RHP Elroy Quaid
Batting: LHB Jaime Aguilar 0-0: Called Strike
0-1: Ball
1-1: Ball
2-1: Ball
3-1: Base on Balls
Batting: RHB Paul Byrd 0-0: Called Strike
0-1: Ball
1-1: Ball
2-1: Fly out, F7 (Flyball, 78S)
Batting: RHB Owen Cannon 0-0: Ball
1-0: Called Strike
1-1: Ball
2-1: Swinging Strike
2-2: Foul Ball, location: 2F
2-2: Ball
3-2: Base on Balls
Jaime Aguilar to second
Batting: RHB Richard Sonntag 0-0: Grounds into double play, 6-4-3 (Groundball, 6)
Bottom of the 2nd over - 0 runs, 0 hits, 0 errors, 1 left on base; Yakima 4 - Virginia Beach 0
TOP OF THE 3RD
Yakima Hops batting - Pitching for Virginia Beach Deuces : RHP Earl Danziger
Batting: RHB Vonne Navarrete 0-0: Ball
1-0: Foul Ball, location: 2F
1-1: Fly out, F9 (Flyball, 9)
Batting: RHB Bob Houghton 0-0: Ball
1-0: Ball
2-0: Called Strike
2-1: Fly out, F8 (Line Drive, 89M)
Batting: LHB Wulf Paauwe 0-0: Ball
1-0: Swinging Strike
1-1: Ball
2-1: Swinging Strike
2-2: Strikes out swinging
Top of the 3rd over - 0 runs, 0 hits, 0 errors, 0 left on base; Yakima 4 - Virginia Beach 0
BOTTOM OF THE 3RD
Virginia Beach Deuces batting - Pitching for Yakima Hops : RHP Elroy Quaid
Batting: RHB Juan González 0-0: Ball
1-0: Swinging Strike
1-1: Foul Ball, location: 2F
1-2: Ground out 5-3 (Groundball, 56S)
Batting: RHB Luis Díaz 0-0: Called Strike
0-1: Ball
1-1: Fly out, F9 (Flyball, 9S)
Batting: RHB Stephen McManus 0-0: Ball
1-0: Fly out, F4 (Line Drive, 4M)
Bottom of the 3rd over - 0 runs, 0 hits, 0 errors, 0 left on base; Yakima 4 - Virginia Beach 0
TOP OF THE 4TH
Yakima Hops batting - Pitching for Virginia Beach Deuces : RHP Earl Danziger
Batting: RHB Carlo Beedle 0-0: Ball
1-0: Ground out 1-3 (Groundball, P)
Batting: RHB Jeromy Gride 0-0: Ball
1-0: Foul Ball, location: 2F
1-1: Fly out, F7 (Flyball, 7S)
Batting: RHB George Hubbard 0-0: Swinging Strike
0-1: Swinging Strike
0-2: Ball
1-2: Strikes out swinging
Top of the 4th over - 0 runs, 0 hits, 0 errors, 0 left on base; Yakima 4 - Virginia Beach 0
BOTTOM OF THE 4TH
Virginia Beach Deuces batting - Pitching for Yakima Hops : RHP Elroy Quaid
Batting: SHB Luis Manuel Flores 0-0: Ball
1-0: Foul Ball, location: 2F
1-1: Ball
2-1: Foul Ball, location: 2F
2-2: Foul Ball, location: 2F
2-2: Ball
3-2: Ground out 4-3 (Groundball, 34D)
Batting: RHB Andrew Crosby 0-0: Ball
1-0: Swinging Strike
1-1: Called Strike
1-2: Fly out, F8 (Flyball, 8RD)
Batting: LHB Jaime Aguilar 0-0: Ball
1-0: Ball
2-0: Ball
3-0: Called Strike
3-1: Foul Ball, location: 2F
3-2: Ground out 4-3 (Groundball, 4M)
Bottom of the 4th over - 0 runs, 0 hits, 0 errors, 0 left on base; Yakima 4 - Virginia Beach 0
TOP OF THE 5TH
Yakima Hops batting - Pitching for Virginia Beach Deuces : RHP Earl Danziger
Batting: SHB Zack Murphy 0-0: Ball
1-0: Swinging Strike
1-1: Ball
2-1: Called Strike
2-2: SINGLE (Line Drive, 8RS)
Batting: LHB Héctor Velázquez 0-0: Fly out, F7 (Flyball, 7D)
Batting: LHB Gustavo Deleón 0-0: Ball
1-0: Ball
2-0: Foul Ball, location: 2F
2-1: Ground out 4-3 (Groundball, 34)
Zack Murphy to second
Batting: RHB Vonne Navarrete 0-0: Ball
1-0: Called Strike
1-1: Foul Ball, location: 2F
1-2: Strikes out looking
Top of the 5th over - 0 runs, 1 hit, 0 errors, 1 left on base; Yakima 4 - Virginia Beach 0
BOTTOM OF THE 5TH
Virginia Beach Deuces batting - Pitching for Yakima Hops : RHP Elroy Quaid
Batting: RHB Paul Byrd 0-0: Ground out 5-3 (Groundball, 56)
Batting: RHB Owen Cannon 0-0: Ball
1-0: Ball
2-0: Ball
3-0: Base on Balls
Batting: RHB Richard Sonntag 0-0: Ball
1-0: Ball
2-0: Grounds into double play, 5-4-3 (Groundball, 56)
Bottom of the 5th over - 0 runs, 0 hits, 0 errors, 0 left on base; Yakima 4 - Virginia Beach 0
TOP OF THE 6TH
Yakima Hops batting - Pitching for Virginia Beach Deuces : RHP Earl Danziger
Batting: RHB Bob Houghton 0-0: Ball
1-0: Ball
2-0: Called Strike
2-1: Ball
3-1: Foul Ball, location: 2F
3-2: Base on Balls
Batting: LHB Wulf Paauwe 0-0: Ball
1-0: Ball
2-0: Called Strike
2-1: Ball
3-1: Foul Ball, location: 2F
3-2: Fly out, F4 (Popup, 4MD)
Batting: RHB Carlo Beedle 0-0: Fly out, F7 (Flyball, 78S)
Batting: RHB Jeromy Gride 0-0: Called Strike
0-1: Called Strike
0-2: Fielders Choice at 2nd, 6-4 (Groundball, 6)
Top of the 6th over - 0 runs, 0 hits, 0 errors, 1 left on base; Yakima 4 - Virginia Beach 0
BOTTOM OF THE 6TH
Virginia Beach Deuces batting - Pitching for Yakima Hops : RHP Elroy Quaid
Batting: RHB Juan González 0-0: Ball
1-0: Fly out, F8 (Flyball, 89D)
Batting: RHB Luis Díaz 0-0: Foul Ball, location: 2F
0-1: Ball
1-1: Called Strike
1-2: DOUBLE (Line Drive, 7D)
Batting: RHB Stephen McManus 0-0: Called Strike
Luis Díaz steals 3rd base
0-1: Ball
1-1: Foul Ball, location: 2F
1-2: Strikes out swinging
Batting: SHB Luis Manuel Flores 0-0: Ball
1-0: Ball
2-0: Foul Ball, location: 2F
2-1: Ball
3-1: Base on Balls
Batting: RHB Andrew Crosby 0-0: Called Strike
0-1: SINGLE (Line Drive, 9S)
Luis Díaz scores
Luis Manuel Flores to second
Runner from 2nd tries for 3rd, SAFE, no throw
Batting: LHB Jaime Aguilar 0-0: Ball
1-0: Swinging Strike
1-1: Ground out 4-3 (Groundball, 4M)
Bottom of the 6th over - 1 run, 2 hits, 0 errors, 2 left on base; Yakima 4 - Virginia Beach 1
TOP OF THE 7TH
Yakima Hops batting - Pitching for Virginia Beach Deuces : RHP Earl Danziger
Batting: RHB George Hubbard 0-0: Swinging Strike
0-1: SINGLE (Line Drive, 9S)
Batting: SHB Zack Murphy 0-0: Bunted foul
0-1: Bunted foul
0-2: Ball
1-2: Ball
2-2: Foul Ball, location: 2F
2-2: Foul Ball, location: 2F
2-2: Ball
3-2: Foul Ball, location: 2F
3-2: Foul Ball, location: 2F
3-2: Base on Balls
George Hubbard to second
Batting: LHB Héctor Velázquez 0-0: Ball
1-0: Ball
2-0: Called Strike
2-1: Ball
3-1: Base on Balls
George Hubbard to third
Zack Murphy to second
Batting: LHB Gustavo Deleón 0-0: Ball
1-0: Swinging Strike
1-1: Ball
2-1: Swinging Strike
2-2: Fly out, F9 (Flyball, 9)
Runner from 3rd tags up, SCORES, throw made
Pitching: RHP Ted Hendrickson
Batting: RHB Vonne Navarrete 0-0: Ball
1-0: Swinging Strike
1-1: Ball
2-1: Called Strike
2-2: Ball
3-2: Base on Balls
Zack Murphy to third
Héctor Velázquez to second
Batting: RHB Bob Houghton 0-0: Called Strike
0-1: Foul Ball, location: 2F
0-2: Hit by Pitch
Zack Murphy scores
Héctor Velázquez to third
Vonne Navarrete to second
Batting: LHB Wulf Paauwe 0-0: Ball
1-0: Foul Ball, location: 2F
1-1: Ball
2-1: SINGLE (Groundball, 4D)
Héctor Velázquez scores
Vonne Navarrete to third
Bob Houghton to second
Batting: RHB Carlo Beedle 0-0: Fly out, F3 (Line Drive, 34)
Batting: RHB Jeromy Gride 0-0: Ball
Wild Pitch!
Vonne Navarrete scores
Bob Houghton to third
Wulf Paauwe to second
1-0: Ball
2-0: Foul Ball, location: 2F
2-1: Ball
3-1: Fly out, F9 (Flyball, 9LD)
Top of the 7th over - 4 runs, 2 hits, 0 errors, 2 left on base; Yakima 8 - Virginia Beach 1
BOTTOM OF THE 7TH
Virginia Beach Deuces batting - Pitching for Yakima Hops : RHP Elroy Quaid
Pitching: RHP Patrick Buzard
Batting: RHB Paul Byrd 0-0: Foul Ball, location: 2F
0-1: Ball
1-1: Foul Ball, location: 2F
1-2: Foul Ball, location: 2F
1-2: SINGLE (Line Drive, 78S)
Batting: RHB Owen Cannon 0-0: Called Strike
0-1: Called Strike
0-2: Ball
1-2: Ball
2-2: Ball
3-2: SINGLE (Groundball, 34S) (infield hit)
Paul Byrd to second
Batting: RHB Richard Sonntag 0-0: Ball
1-0: Called Strike
1-1: Ball
2-1: Reached on error, E4 (Groundball, 4)
Paul Byrd to third
Owen Cannon to second
Batting: RHB Juan González 0-0: Ball
1-0: Foul Ball, location: 2F
1-1: Ball
2-1: Fly out, F7 (Flyball, 7)
Runner from 3rd tags up, OUT at HOME
Owen Cannon to third
Richard Sonntag to second
Batting: RHB Luis Díaz 0-0: Ball
1-0: 3-RUN HOME RUN (Flyball, 9LD), Distance : 360 ft
Pitching: LHP Stan Wells
Batting: RHB Stephen McManus 0-0: SINGLE (Groundball, 34) (infield hit)
Batting: SHB Luis Manuel Flores 0-0: Ball
1-0: Ball
2-0: Fielders Choice at 2nd, 6-4 (Groundball, 6)
Bottom of the 7th over - 3 runs, 4 hits, 1 error, 1 left on base; Yakima 8 - Virginia Beach 4
TOP OF THE 8TH
Yakima Hops batting - Pitching for Virginia Beach Deuces : RHP Ted Hendrickson
Batting: RHB George Hubbard 0-0: Ball
1-0: Called Strike
1-1: Ball
2-1: SINGLE (Line Drive, 4D)
Batting: SHB Zack Murphy 0-0: Sac Bunt - play at first, batter OUT! 2-3
George Hubbard to second
Batting: LHB Héctor Velázquez 0-0: Called Strike
0-1: Foul Ball, location: 2F
0-2: Strikes out swinging
Batting: LHB Gustavo Deleón 0-0: Called Strike
0-1: Ball
1-1: Foul Ball, location: 2F
1-2: Foul Ball, location: 2F
1-2: Ball
2-2: Foul Ball, location: 2F
2-2: Ball
3-2: Ground out 3-1 (Groundball, 34S)
Top of the 8th over - 0 runs, 1 hit, 0 errors, 1 left on base; Yakima 8 - Virginia Beach 4
BOTTOM OF THE 8TH
Virginia Beach Deuces batting - Pitching for Yakima Hops : LHP Stan Wells
Batting: RHB Andrew Crosby 0-0: Ball
1-0: Foul Ball, location: 2F
1-1: Swinging Strike
1-2: Ball
2-2: Strikes out swinging, 2-3 out at first.
Batting: LHB Jaime Aguilar 0-0: Called Strike
0-1: Ball
1-1: DOUBLE (Line Drive, 9LM)
Batting: RHB Paul Byrd 0-0: Ball
1-0: Foul Ball, location: 2F
1-1: Swinging Strike
1-2: Strikes out swinging
Batting: RHB Owen Cannon 0-0: Foul Ball, location: 2F
0-1: Ball
1-1: Foul Ball, location: 2F
1-2: Ball
2-2: Fly out, F3 (Popup, 3SF)
Bottom of the 8th over - 0 runs, 1 hit, 0 errors, 1 left on base; Yakima 8 - Virginia Beach 4
TOP OF THE 9TH
Yakima Hops batting - Pitching for Virginia Beach Deuces : RHP Ted Hendrickson
Pitching: LHP Urs Ehles
Batting: RHB Vonne Navarrete 0-0: Ground out 5-3 (Groundball, 56)
Batting: RHB Bob Houghton 0-0: Ball
1-0: Ball
2-0: Called Strike
2-1: Called Strike
2-2: Ground out 6-3 (Groundball, 6)
Batting: LHB Wulf Paauwe 0-0: Called Strike
0-1: Ball
1-1: Foul Ball, location: 2F
1-2: Ball
2-2: SINGLE (Groundball, 34D)
Batting: RHB Carlo Beedle 0-0: Called Strike
0-1: Foul Ball, location: 2F
0-2: Ball
1-2: Fly out, F3 (Popup, 34S)
Top of the 9th over - 0 runs, 1 hit, 0 errors, 1 left on base; Yakima 8 - Virginia Beach 4
BOTTOM OF THE 9TH
Virginia Beach Deuces batting - Pitching for Yakima Hops : LHP Stan Wells
Pitching: RHP Justin Furneaux
Batting: RHB Richard Sonntag 0-0: Foul Ball, location: 2F
0-1: Ball
1-1: Swinging Strike
1-2: Ground out U3 (Groundball, 3)
Batting: RHB Juan González 0-0: Fly out, F8 (Flyball, 8RS)
Batting: RHB Luis Díaz 0-0: Ball
1-0: Ball
2-0: Ball
3-0: Base on Balls
Batting: RHB Stephen McManus 0-0: Called Strike
0-1: Ball
1-1: Ball
2-1: Ground out 5-3 (Groundball, 56S)
Bottom of the 9th over - 0 runs, 0 hits, 0 errors, 1 left on base; Yakima 8 - Virginia Beach 4
Friday, March 29th, 2019 - OOTP Baseball 18.8 Build 76